Map: [ESL] Waterfall

Players

Lambo - Winner!

  • Race: Zerg Zerg
  • Spawn Location: 7:00

Spirit (souL)

  • Race: Terran Terran
  • League: Master
  • Spawn Location: 1:00

Event: HomeStory Cup XXII

VOD

Have the link to the VOD?

Description

Time

  • Played on: Dec. 15, 2022, 6:44 a.m.
  • Length: 10:32

All games in this series

Show
View Real Time Build Order
Export as new Build Order

Lambo Zerg - Winner!

Build Orders: Pool First 

Get SALT Encoding   

  12  0:00  Drone  
  13  0:12  Overlord  
  13  0:16  Drone  
  14  0:30  Drone x2  
  14  0:34  Drone  
  17  0:43  Extractor  
  17  0:44  Drone  
  17  0:49  Spawning Pool  
  16  0:55  Drone  
  17  1:06  Drone  
  18  1:17  Hatchery  
  17  1:21  Drone  
  18  1:36  Zergling x2, Queen  
  21  1:45  Metabolic Boost  
  21  1:49  Overlord  
  21  1:58  Drone  
  22  2:11  Zergling x4, Queen  
  26  2:21  Zergling x2  
  27  2:36  Zergling x2  
  27  2:38  Hatchery  
  27  2:39  Drone  
  27  2:42  Drone  
  28  2:46  Drone x2  
  28  2:48  Drone  
  31  2:53  Drone  
  31  2:57  Overlord  
  32  3:06  Queen  
  32  3:09  Drone  
  32  3:12  Drone  
  36  3:15  Drone  
  36  3:16  Drone  
  36  3:19  Drone  
  39  3:24  Drone x3  
  43  3:27  Drone  
  42  3:34  Drone  
  42  3:40  Zergling x2  
  43  3:44  Overlord  
  43  3:45  Queen  
  44  3:48  Overlord  
  44  3:55  Drone  
  44  3:56  Drone  
  44  3:58  Queen  
  44  3:59  Drone  
  44  4:01  Drone  
  50  4:07  Drone x2  
  50  4:08  Drone  
  53  4:11  Overlord  
  53  4:14  Overlord  
  53  4:15  Zergling x4, Queen  
  57  4:22  Drone x3  
  59  4:26  Queen  
  59  4:29  Zergling x2  
  59  4:30  Drone  
  62  4:32  Drone  
  62  4:35  Extractor  
  62  4:38  Drone x2  
  66  4:43  Overlord  
  64  4:46  Drone x3  
  64  4:47  Drone  
  64  4:48  Spore Crawler x2  
  64  4:51  Spore Crawler, Drone  
  68  4:53  Lair  
  68  4:55  Drone x2  
  68  4:56  Drone  
  68  4:58  Zergling x4  
  71  5:00  Zergling x2  
  71  5:05  Queen, Drone  
  71  5:06  Zergling x2  
  76  5:09  Zergling x2  
  77  5:14  Drone x3  
  77  5:20  Baneling Nest, Extractor  
  78  5:24  Drone x2, Overlord  
  78  5:25  Drone  
  78  5:27  Drone  
  82  5:29  Extractor  
  82  5:31  Overlord  
  81  5:37  Queen  
  81  5:38  Drone x3  
  81  5:39  Drone  
  81  5:41  Drone  
  88  5:43  Hatchery  
  88  5:45  Zergling x2  
  88  5:51  Zergling x4  
  90  5:58  Spore Crawler  
  90  6:01  Overseer  
  90  6:02  Overseer  
  90  6:04  Zergling x2, Centrifugal Hooks  
  90  6:05  Drone x6  
  90  6:08  Evolution Chamber x2  
  94  6:12  Evolution Chamber  
  94  6:17  Drone x4  
  98  6:19  Drone x2  
  98  6:20  Drone  
  98  6:21  Drone  
  98  6:22  Queen  
  104  6:29  Drone x2  
  104  6:31  Hatchery  
  104  6:32  Overlord  
  105  6:35  Zerg Ground Armor Level 1  
  104  6:40  Zerg Melee Weapons Level 1  
  104  6:41  Drone x2  
  104  6:45  Hatchery, Overlord  
  104  6:47  Overlord  
  105  6:48  Zergling x2  
  106  6:54  Drone x2  
  106  6:56  Drone  
  106  6:58  Zergling x4  
  106  6:59  Zergling x10  
  116  7:03  Zergling x12  
  116  7:04  Baneling x4  
  116  7:05  Baneling  
  121  7:10  Zergling x10  
  121  7:13  Baneling x8  
  126  7:17  Drone x2  
  126  7:18  Drone  
  129  7:23  Zergling x4  
  129  7:26  Baneling x4  
  129  7:27  Zergling x8  
  135  7:34  Zergling x2  
  135  7:36  Overlord  
  136  7:37  Overlord  
  132  7:48  Drone x3  
  132  7:49  Zergling x10, Baneling x11  
  132  7:50  Zergling x4  
  142  7:52  Baneling  
  142  7:53  Baneling  
  142  7:54  Spore Crawler  
  140  8:03  Drone x4  
  144  8:07  Zergling x22  
  144  8:09  Baneling  
  144  8:10  Baneling x2  
  155  8:16  Drone x4  
  158  8:20  Infestation Pit  
  158  8:23  Drone x4  
  158  8:25  Extractor  
  158  8:26  Hydralisk Den  
  159  8:27  Hatchery, Extractor  
  159  8:29  Overseer  
  159  8:30  Pneumatized Carapace  
  159  8:33  Extractor  
  154  8:43  Zergling x20  
  160  9:03  Zergling x8  
  160  9:04  Baneling x6, Overlord  
  160  9:05  Hive  
  162  9:14  Drone  
  162  9:15  Drone  
  162  9:16  Overlord  
  164  9:19  Grooved Spines  
  164  9:20  Overlord  
  164  9:24  Extractor  
  164  9:25  Drone  
  164  9:26  Drone x3  
  164  9:27  Drone x3  
  164  9:30  Zergling x4  
  172  9:32  Overlord  
  172  9:35  Baneling x14  
  172  9:41  Baneling  
  172  9:46  Zergling x44  
  184  9:54  Zergling x28  
  184  9:58  Zergling x12  
  174  10:02  Hydralisk  
  174  10:03  Hydralisk x5  
  174  10:05  Baneling x8  
  183  10:12  Zergling x16  
  191  10:16  Baneling x6  
Show
View Real Time Build Order
Export as new Build Order

Spirit Terran 

Build Orders: Reaper Expand 

Get SALT Encoding   

  12  0:00  SCV  
  13  0:12  SCV  
  14  0:17  Supply Depot  
  14  0:24  SCV  
  15  0:38  SCV  
  15  0:40  Barracks  
  16  0:44  Refinery  
  16  0:50  SCV  
  17  1:03  SCV  
  18  1:15  SCV  
  19  1:28  Reaper, Orbital Command  
  20  1:39  Command Center  
  20  1:47  Supply Depot  
  20  1:53  SCV  
  21  1:59  Marine  
  22  2:05  SCV  
  23  2:09  Factory  
  23  2:18  SCV  
  23  2:20  Marine  
  25  2:30  SCV  
  26  2:39  Barracks Reactor  
  26  2:42  SCV  
  27  2:51  Orbital Command  
  27  2:52  Refinery  
  27  2:55  SCV  
  27  2:58  Bunker  
  28  2:59  Starport  
  28  3:01  Hellion  
  30  3:07  SCV  
  30  3:17  Marine x2  
  30  3:19  SCV x2  
  33  3:23  Factory Tech Lab  
  30  3:31  SCV x2  
  30  3:43  SCV x2  
  31  3:55  SCV x2  
  31  4:02  Hellion x2  
  35  4:04  Banshee, Cloaking Field  
  35  4:05  Barracks Tech Lab  
  35  4:07  SCV x2  
  40  4:15  Supply Depot  
  40  4:19  SCV x2  
  40  4:23  Hellion x2  
  44  4:31  SCV x2  
  44  4:33  Supply Depot, Stimpack  
  46  4:48  SCV x2, Banshee, Marine  
  46  4:52  Supply Depot  
  54  4:56  Supply Depot  
  54  5:00  Hellion, SCV x2  
  56  5:09  Command Center  
  56  5:12  SCV  
  57  5:15  SCV  
  57  5:18  Supply Depot  
  58  5:24  SCV  
  58  5:27  SCV  
  60  5:28  Barracks  
  60  5:31  Factory Reactor  
  60  5:33  Barracks  
  60  5:36  SCV  
  60  5:39  Engineering Bay, SCV  
  60  5:40  Starport Reactor  
  60  5:41  Engineering Bay  
  62  5:44  Refinery  
  62  5:46  Refinery  
  62  5:48  SCV  
  63  5:51  SCV  
  64  6:00  SCV  
  64  6:01  Marine  
  64  6:03  SCV  
  67  6:13  SCV  
  67  6:15  SCV  
  67  6:16  Terran Infantry Armor Level 1, Terran Infantry Weapons Level 1  
  69  6:19  Marine x2  
  69  6:20  Combat Shield, Marine  
  69  6:22  Orbital Command  
  69  6:25  SCV  
  73  6:27  Marine x2  
  73  6:29  Medivac, Siege Tank  
  73  6:31  Medivac  
  82  6:35  SCV  
  82  6:37  SCV, Marine x3  
  87  6:45  Orbital Command, Marine  
  88  6:48  SCV  
  88  6:50  Barracks  
  88  6:51  Supply Depot, Barracks, Marine  
  90  6:55  Marine x2  
  90  6:56  SCV  
  90  7:00  SCV, Marine  
  95  7:04  Siege Tank  
  95  7:08  SCV, Medivac  
  101  7:13  SCV, Medivac  
  101  7:14  SCV  
  105  7:18  Supply Depot, Marine x3  
  105  7:20  Supply Depot, SCV  
  105  7:22  Marine x2  
  111  7:24  Supply Depot  
  111  7:25  SCV  
  111  7:27  SCV  
  113  7:34  SCV  
  113  7:35  Marine  
  113  7:36  Marine x2  
  117  7:37  Armory  
  117  7:39  SCV, Marine  
  117  7:40  Marine  
  117  7:42  Siege Tank  
  116  7:50  SCV  
  116  7:51  SCV  
  118  7:52  Barracks Reactor x2  
  118  7:53  Marine  
  118  7:58  Marine  
  120  7:59  SCV  
  120  8:01  Marine x3  
  124  8:06  Supply Depot  
  124  8:08  Supply Depot  
  124  8:11  Supply Depot, Marine  
  124  8:12  Bunker  
  125  8:21  SCV x3, Medivac x2, Marine  
  133  8:27  Marine  
  133  8:28  Marine  
  135  8:37  Marine  
  135  8:38  Marine x5  
  135  8:39  Marine  
  138  8:45  Supply Depot, Marine  
  138  8:46  Marine  
  140  8:49  Supply Depot  
  140  8:51  SCV  
  140  8:54  Medivac x2  
  145  8:55  Marine x2  
  145  9:01  Marine  
  148  9:05  Supply Depot, Marine  
  148  9:06  Marine x2  
  149  9:11  Marine x2  
  149  9:14  SCV  
  149  9:16  Supply Depot  
  152  9:20  Marine  
  152  9:21  Marine x2  
  152  9:22  Marine  
  156  9:26  Marine  
  156  9:30  Marine  
  158  9:33  Marine  
  158  9:34  Marine  
  158  9:35  Marine  
  161  9:38  Marine  
  161  9:40  Siege Tank, Marine  
  161  9:43  Marine  
  161  9:44  Marine  
  161  9:45  Marine  
  168  9:48  Marine  
  168  9:54  Marine  
  126  10:00  Marine  
  126  10:02  Marine x3  
  126  10:04  Marine  
  126  10:05  Marine x2  
  126  10:06  Marine  
  127  10:08  Supply Depot  
  127  10:09  Supply Depot  
  127  10:12  Marine  
Tags
 
Add a new tag
Caveats
  • Supply blocks, unpowered buildings, or Contaminate may cause inaccurate times.
  • Supply counts are checked every 10 seconds.